[ PARTIDA AOE2 · #481241113 ]
UnrankedBorgoñones vs Huns
[ ANÁLISIS DE REPETICIÓN · EXTRAÍDO DE LA PARTIDA GRABADA ]
Feudal
11:51
Castillos
17:01
Imperial
32:51
| APM promedio | 16.2 |
| APM pico | 47 |
| eAPM promedio | 11.1 |
| Aldeanos / militares | 125 / 345 |
Foco
⚔️ 32.4% · 🌾 67.6%
Spearman ×170 · Knight ×89 · Flemish Militia ×35 · Coustillier ×31 · Trebuchet (Packed) ×17 · Monk ×3
Feudal
9:42
Castillos
17:14
Imperial
29:23
| APM promedio | 16.9 |
| APM pico | 62 |
| eAPM promedio | 8.8 |
| Aldeanos / militares | 112 / 215 |
Foco
⚔️ 28.2% · 🌾 71.8%
Knight ×215 · Trade Cart ×43
Feudal
11:57
Castillos
16:17
Imperial
26:55
| APM promedio | 30.7 |
| APM pico | 63 |
| eAPM promedio | 16.1 |
| Aldeanos / militares | 96 / 424 |
Foco
⚔️ 38.0% · 🌾 62.0%
Spearman ×156 · Unknown (882) ×148 · Genoese Crossbowman ×143 · Hand Cannoneer ×104 · Bombard Cannon ×11 · Monk ×5
Feudal
—
Castillos
—
Imperial
—
| APM promedio | 16.0 |
| APM pico | 43 |
| eAPM promedio | 11.9 |
| Aldeanos / militares | 112 / 297 |
Foco
⚔️ 29.8% · 🌾 70.2%
Knight ×115 · Throwing Axeman ×64 · Militia ×43 · Spearman ×38 · Scout Cavalry ×26 · Mangonel ×6
Feudal
11:03
Castillos
25:08
Imperial
36:54
| APM promedio | 14.5 |
| APM pico | 31 |
| eAPM promedio | 11.9 |
| Aldeanos / militares | 81 / 218 |
Foco
⚔️ 50.0% · 🌾 50.0%
Spearman ×170 · War Wagon ×45 · Militia ×2 · Trebuchet (Packed) ×1
Feudal
10:01
Castillos
22:13
Imperial
35:18
| APM promedio | 16.8 |
| APM pico | 46 |
| eAPM promedio | 5.8 |
| Aldeanos / militares | 72 / 62 |
Foco
⚔️ 29.2% · 🌾 70.8%
Knight ×38 · Archer ×12 · Scout Cavalry ×7 · Throwing Axeman ×5
Feudal
11:22
Castillos
18:37
Imperial
37:11
| APM promedio | 20.5 |
| APM pico | 59 |
| eAPM promedio | 12.7 |
| Aldeanos / militares | 131 / 172 |
Foco
⚔️ 37.6% · 🌾 62.4%
Spearman ×137 · Conquistador ×23 · Knight ×7 · Trade Cart ×4 · Militia ×3 · Hand Cannoneer ×2
Feudal
11:21
Castillos
25:14
Imperial
—
| APM promedio | 11.8 |
| APM pico | 41 |
| eAPM promedio | 7.2 |
| Aldeanos / militares | 111 / 53 |
Foco
⚔️ 16.6% · 🌾 83.4%
Spearman ×33 · Hussite Wagon ×19 · Trade Cart ×1 · Battering Ram ×1
Mapa de la partida
Recursos iniciales + cada clic de construcción. Líneas = muros · curvas = relieve. ◆ oro · ⬟ piedra · ● bayas · ✦ reliquia · ◌ hueco del cierre
Tu base· ✓ Cerrada en 17:01 · 0t muro · 3 puerta(s)
Base de I_am_Biceps· ✓ Cerrada en 17:14 · 0t muro · 2 puerta(s)
Base de san_siro· ✓ Cerrada en 16:17 · 3t muro · 5 puerta(s)
Base de Scotticus6181· ✓ Cerrada en 14:55 · 0t muro · 3 puerta(s)
Base de Kronos· ✓ Cerrada en 25:08 · 0t muro · 2 puerta(s)
Base de StallionMilk· ✓ Cerrada en 22:13 · 0t muro · 2 puerta(s)
Base de SCAM-U-LONGTIME· ✓ Cerrada en 18:37 · 0t muro · 2 puerta(s)
Base de Jabrawlter· ✓ Cerrada en 25:14 · 30t muro · 2 puerta(s)
Terreno inicial suavizado · ◌ = hueco del cierre detectado · pasá el cursor para detalles
Inputs por minuto
— Tormund - - I_am_Biceps
Build order — Tormund
Primeras 150 de 394 acciones detectadas
| 0:01 | Crear | Villager (Male) |
| 0:02 | Crear | Villager (Male) |
| 0:02 | Crear | Villager (Male) |
| 0:02 | Crear | Villager (Male) |
| 0:04 | Construir | House |
| 0:06 | Construir | House |
| 1:46 | Crear | Villager (Male) |
| 1:46 | Crear | Villager (Male) |
| 1:51 | Crear | Villager (Male) |
| 1:52 | Crear | Villager (Male) |
| 1:57 | Construir | Lumber Camp |
| 2:24 | Crear | Villager (Male) |
| 2:25 | Investigar | Loom |
| 2:53 | Crear | Villager (Male) |
| 3:08 | Crear | Villager (Male) |
| 3:39 | Crear | Villager (Male) |
| 3:55 | Construir | House |
| 4:05 | Construir | Mill |
| 4:08 | Crear | Villager (Male) |
| 4:43 | Crear | Villager (Male) |
| 5:25 | Crear | Villager (Male) |
| 5:37 | Crear | Villager (Male) |
| 5:56 | Construir | House |
| 6:03 | Construir | House |
| 6:07 | Crear | Villager (Male) |
| 6:34 | Crear | Villager (Male) |
| 6:56 | Crear | Villager (Male) |
| 7:34 | Construir | Farm |
| 7:36 | Crear | Villager (Male) |
| 7:43 | Construir | Mining Camp |
| 7:45 | Investigar | Double-Bit Axe |
| 7:52 | Crear | Villager (Male) |
| 8:07 | Crear | Villager (Male) |
| 8:37 | Crear | Villager (Male) |
| 9:10 | Crear | Villager (Male) |
| 9:24 | Investigar | Feudal Age |
| 10:44 | Construir | Mill |
| 10:54 | Crear | Villager (Male) |
| 11:02 | Construir | House |
| 11:19 | Construir | Farm |
| 11:42 | Investigar | Horse Collar |
| 11:51 | Edad | Edad Feudal |
| 11:52 | Crear | Villager (Male) |
| 12:02 | Investigar | Bow Saw |
| 12:19 | Construir | Farm |
| 12:22 | Crear | Villager (Male) |
| 12:45 | Construir | Blacksmith |
| 12:59 | Investigar | Town Watch |
| 13:02 | Crear | Villager (Male) |
| 13:28 | Construir | Market |
| 13:31 | Crear | Villager (Male) |
| 14:06 | Construir | Mining Camp |
| 14:09 | Construir | Farm |
| 14:13 | Investigar | Castle Age |
| 14:16 | Construir | House |
| 14:31 | Construir | Farm |
| 15:36 | Construir | Lumber Camp |
| 15:45 | Crear | Villager (Male) |
| 15:46 | Crear | Villager (Male) |
| 16:03 | Construir | Barracks |
| 16:07 | Crear | Villager (Male) |
| 16:22 | Investigar | Heavy Plow |
| 16:33 | Crear | Villager (Male) |
| 17:01 | Edad | Edad de los Castillos |
| 17:11 | Construir | University |
| 17:13 | Crear | Villager (Male) |
| 17:37 | Construir | Town Center |
| 17:58 | Crear | Villager (Male) |
| 18:11 | Construir | Lumber Camp |
| 18:24 | Crear | Villager (Male) |
| 18:42 | Crear | Villager (Male) |
| 18:44 | Crear | Villager (Male) |
| 18:45 | Crear | Villager (Male) |
| 18:45 | Crear | Villager (Male) |
| 18:56 | Construir | Farm |
| 18:57 | Construir | Farm |
| 18:57 | Construir | Farm |
| 19:18 | Construir | Monastery |
| 19:21 | Crear | Villager (Male) |
| 19:54 | Crear | Villager (Male) |
| 20:03 | Construir | Town Center |
| 20:08 | Crear | Villager (Male) |
| 20:26 | Construir | Stable |
| 20:32 | Crear | Villager (Male) |
| 20:37 | Crear | Monk |
| 20:47 | Construir | House |
| 20:57 | Construir | House |
| 20:58 | Construir | House |
| 21:07 | Crear | Villager (Male) |
| 21:08 | Crear | Villager (Male) |
| 21:08 | Crear | Villager (Male) |
| 21:23 | Construir | Stable |
| 21:25 | Crear | Monk |
| 21:35 | Crear | Knight |
| 21:48 | Crear | Knight |
| 21:51 | Crear | Monk |
| 22:05 | Crear | Flemish Militia |
| 22:21 | Crear | Knight |
| 22:27 | Crear | Flemish Militia |
| 22:39 | Construir | Stable |
| 23:15 | Crear | Villager (Male) |
| 23:57 | Construir | House |
| 23:58 | Construir | House |
| 24:00 | Construir | House |
| 24:01 | Construir | House |
| 24:03 | Construir | House |
| 24:05 | Construir | House |
| 24:14 | Construir | Farm |
| 24:15 | Construir | Farm |
| 24:17 | Crear | Villager (Male) |
| 24:17 | Crear | Villager (Male) |
| 24:17 | Crear | Villager (Male) |
| 24:21 | Construir | Farm |
| 24:21 | Construir | Farm |
| 24:21 | Construir | Farm |
| 24:21 | Construir | Farm |
| 24:22 | Construir | Farm |
| 24:22 | Construir | Farm |
| 24:32 | Construir | Farm |
| 24:32 | Construir | Farm |
| 24:33 | Construir | Farm |
| 24:33 | Construir | Farm |
| 24:34 | Construir | Farm |
| 24:37 | Crear | Villager (Male) |
| 24:39 | Crear | Villager (Male) |
| 24:46 | Crear | Knight |
| 25:21 | Investigar | Scale Barding Armor |
| 25:32 | Construir | Farm |
| 26:20 | Investigar | Cavalier (upgrade) |
| 26:22 | Crear | Villager (Male) |
| 26:22 | Crear | Villager (Male) |
| 26:22 | Crear | Villager (Male) |
| 26:23 | Crear | Villager (Male) |
| 26:24 | Crear | Villager (Male) |
| 26:24 | Crear | Villager (Male) |
| 26:42 | Construir | House |
| 26:44 | Construir | House |
| 26:45 | Construir | House |
| 26:49 | Construir | House |
| 26:50 | Construir | House |
| 26:56 | Crear | Villager (Male) |
| 26:59 | Crear | Villager (Male) |
| 27:02 | Crear | Villager (Male) |
| 27:27 | Crear | Villager (Male) |
| 27:29 | Crear | Villager (Male) |
| 27:34 | Construir | Farm |
| 27:37 | Crear | Villager (Male) |
| 27:43 | Construir | Farm |
| 27:45 | Crear | Villager (Male) |
| 27:58 | Crear | Villager (Male) |
Build order — I_am_Biceps
Primeras 150 de 225 acciones detectadas
| 0:08 | Crear | Villager (Male) ×4 |
| 1:35 | Crear | Villager (Male) |
| 1:35 | Crear | Villager (Male) |
| 2:14 | Crear | Villager (Male) |
| 2:36 | Crear | Villager (Male) |
| 2:36 | Investigar | Loom |
| 3:06 | Crear | Villager (Male) ×2 |
| 3:12 | Construir | Mill |
| 3:21 | Crear | Villager (Male) |
| 3:45 | Crear | Villager (Male) ×2 |
| 4:31 | Crear | Villager (Male) ×2 |
| 5:44 | Crear | Villager (Male) |
| 5:44 | Crear | Villager (Male) |
| 6:45 | Construir | Lumber Camp |
| 7:32 | Investigar | Feudal Age |
| 8:41 | Construir | Mining Camp |
| 8:50 | Crear | Villager (Male) ×5 |
| 9:22 | Crear | Villager (Male) ×5 |
| 9:35 | Construir | Farm |
| 9:42 | Edad | Edad Feudal |
| 10:30 | Construir | Blacksmith |
| 11:25 | Construir | Farm |
| 11:46 | Construir | Market |
| 12:16 | Construir | Farm |
| 12:22 | Construir | Farm |
| 12:26 | Construir | Farm |
| 12:43 | Construir | Farm |
| 13:17 | Construir | Market |
| 13:52 | Crear | Villager (Male) |
| 13:56 | Construir | Farm |
| 14:01 | Construir | Farm |
| 14:07 | Construir | Barracks |
| 14:34 | Investigar | Castle Age |
| 14:39 | Construir | Farm |
| 14:39 | Construir | Farm |
| 15:07 | Construir | Mining Camp |
| 15:32 | Construir | Stable |
| 16:04 | Crear | Villager (Male) ×5 |
| 17:14 | Edad | Edad de los Castillos |
| 17:19 | Construir | Town Center |
| 17:23 | Crear | Knight |
| 17:24 | Crear | Knight |
| 17:47 | Construir | Mining Camp |
| 18:08 | Investigar | Bloodlines |
| 18:34 | Crear | Villager (Male) |
| 18:34 | Crear | Villager (Male) |
| 18:35 | Crear | Villager (Male) |
| 18:36 | Investigar | Wheelbarrow |
| 19:00 | Crear | Knight |
| 19:51 | Crear | Villager (Male) ×3 |
| 19:57 | Construir | Farm |
| 19:57 | Construir | Farm |
| 19:57 | Construir | Farm |
| 19:58 | Construir | Farm |
| 20:02 | Construir | Farm |
| 20:03 | Construir | Farm |
| 20:03 | Construir | Farm |
| 20:17 | Construir | Farm |
| 20:28 | Crear | Knight ×2 |
| 21:12 | Crear | Villager (Male) ×4 |
| 21:12 | Crear | Villager (Male) ×4 |
| 21:12 | Crear | Villager (Male) |
| 21:54 | Crear | Villager (Male) ×4 |
| 22:12 | Crear | Villager (Male) ×2 |
| 22:21 | Construir | Farm |
| 22:21 | Construir | Farm |
| 22:21 | Construir | Farm |
| 22:21 | Construir | Farm |
| 22:22 | Construir | Farm |
| 24:08 | Crear | Villager (Male) ×5 |
| 24:08 | Crear | Villager (Male) ×5 |
| 24:08 | Crear | Villager (Male) |
| 24:20 | Construir | University |
| 24:27 | Construir | Monastery |
| 24:40 | Investigar | Double-Bit Axe |
| 24:45 | Crear | Villager (Male) ×5 |
| 24:53 | Construir | Mill |
| 24:54 | Construir | Farm |
| 24:54 | Construir | Farm |
| 24:54 | Construir | Farm |
| 24:55 | Construir | Farm |
| 24:55 | Construir | Farm |
| 24:55 | Construir | Farm |
| 24:55 | Construir | Farm |
| 25:06 | Construir | Farm |
| 26:00 | Construir | Farm |
| 26:13 | Investigar | Imperial Age |
| 26:15 | Crear | Villager (Male) |
| 26:23 | Construir | Farm |
| 26:23 | Construir | Farm |
| 26:23 | Construir | Farm |
| 26:24 | Construir | Farm |
| 26:24 | Construir | Farm |
| 26:24 | Construir | Farm |
| 26:24 | Construir | Farm |
| 26:59 | Construir | Castle |
| 27:29 | Construir | Stable |
| 27:30 | Construir | Stable |
| 27:34 | Crear | Villager (Male) ×5 |
| 27:35 | Crear | Villager (Male) ×5 |
| 27:35 | Crear | Villager (Male) ×5 |
| 27:35 | Crear | Villager (Male) ×4 |
| 27:49 | Investigar | Horse Collar |
| 28:05 | Investigar | Husbandry |
| 28:08 | Crear | Knight ×2 |
| 28:30 | Construir | Farm |
| 28:35 | Construir | Farm |
| 29:22 | Investigar | Forging |
| 29:23 | Edad | Edad Imperial |
| 29:24 | Investigar | Scale Barding Armor |
| 29:27 | Investigar | Cavalier (upgrade) |
| 29:31 | Investigar | Conscription |
| 29:39 | Crear | Trade Cart ×3 |
| 29:48 | Construir | Farm |
| 30:02 | Investigar | Caravan |
| 30:03 | Crear | Trade Cart |
| 30:07 | Crear | Knight ×3 |
| 30:12 | Construir | Farm |
| 30:52 | Crear | Trade Cart |
| 30:52 | Crear | Trade Cart |
| 30:59 | Construir | Market |
| 31:28 | Crear | Trade Cart |
| 31:40 | Crear | Trade Cart |
| 31:40 | Crear | Trade Cart |
| 32:11 | Crear | Trade Cart |
| 32:11 | Crear | Trade Cart |
| 32:34 | Crear | Villager (Male) ×5 |
| 32:36 | Crear | Villager (Male) |
| 32:37 | Crear | Villager (Male) |
| 32:37 | Crear | Villager (Male) |
| 32:42 | Investigar | Gold Mining |
| 33:36 | Investigar | Paladin (upgrade) |
| 33:43 | Crear | Trade Cart |
| 33:43 | Crear | Trade Cart |
| 34:04 | Investigar | Iron Casting |
| 34:12 | Crear | Knight |
| 34:12 | Crear | Knight |
| 34:14 | Crear | Knight |
| 34:22 | Crear | Knight ×4 |
| 34:58 | Investigar | Chain Barding Armor |
| 35:05 | Crear | Trade Cart ×3 |
| 35:05 | Crear | Trade Cart ×3 |
| 35:07 | Crear | Trade Cart |
| 35:27 | Crear | Trade Cart ×3 |
| 35:28 | Crear | Trade Cart ×3 |
| 35:39 | Investigar | Scale Mail Armor |
| 35:51 | Investigar | Blast Furnace |
| 36:03 | Investigar | Hand Cart |
| 36:03 | Crear | Villager (Male) ×5 |
| 36:03 | Crear | Villager (Male) ×5 |
Build order — san_siro
Primeras 150 de 404 acciones detectadas
| 0:04 | Crear | Villager (Male) |
| 0:04 | Crear | Villager (Male) |
| 0:05 | Crear | Villager (Male) |
| 0:05 | Crear | Villager (Male) |
| 0:05 | Crear | Villager (Male) |
| 0:05 | Crear | Villager (Male) |
| 0:09 | Construir | House |
| 0:13 | Construir | House |
| 1:46 | Crear | Villager (Male) |
| 2:28 | Crear | Villager (Male) |
| 3:01 | Crear | Villager (Male) |
| 3:32 | Crear | Villager (Male) |
| 3:37 | Crear | Villager (Male) |
| 4:00 | Crear | Villager (Male) |
| 4:07 | Construir | House |
| 4:08 | Construir | House |
| 4:36 | Construir | Lumber Camp |
| 4:38 | Crear | Villager (Male) |
| 4:49 | Crear | Villager (Male) |
| 4:49 | Crear | Villager (Male) |
| 5:01 | Crear | Villager (Male) |
| 5:12 | Crear | Villager (Male) |
| 6:01 | Crear | Villager (Male) |
| 7:24 | Construir | Mill |
| 7:42 | Crear | Villager (Male) |
| 7:42 | Crear | Villager (Male) |
| 8:19 | Construir | Mill |
| 8:28 | Crear | Villager (Male) |
| 8:35 | Crear | Villager (Male) |
| 8:36 | Crear | Villager (Male) |
| 9:10 | Construir | Mining Camp |
| 9:13 | Investigar | Feudal Age |
| 9:58 | Construir | House |
| 10:00 | Construir | House |
| 10:21 | Construir | House |
| 10:27 | Construir | House |
| 11:13 | Crear | Villager (Male) |
| 11:13 | Crear | Villager (Male) |
| 11:18 | Construir | House |
| 11:39 | Construir | Outpost |
| 11:46 | Construir | Outpost |
| 11:57 | Edad | Edad Feudal |
| 12:08 | Construir | Market |
| 12:17 | Construir | Blacksmith |
| 12:28 | Crear | Villager (Male) |
| 12:45 | Construir | Gate |
| 12:50 | Construir | Stone Wall |
| 12:54 | Investigar | Town Watch |
| 13:11 | Construir | Outpost |
| 13:18 | Construir | Outpost |
| 13:26 | Investigar | Castle Age |
| 13:36 | Construir | House |
| 13:37 | Construir | House |
| 13:47 | Investigar | Double-Bit Axe |
| 13:49 | Investigar | Horse Collar |
| 14:20 | Construir | Stone Wall |
| 14:25 | Construir | Gate |
| 14:31 | Construir | Stone Wall |
| 14:36 | Investigar | Gold Mining |
| 16:17 | Edad | Edad de los Castillos |
| 16:24 | Construir | Town Center |
| 16:33 | Construir | Farm |
| 16:36 | Construir | Farm |
| 16:38 | Construir | Farm |
| 16:40 | Crear | Villager (Male) |
| 16:41 | Crear | Villager (Male) |
| 16:41 | Crear | Villager (Male) |
| 16:50 | Construir | Farm |
| 17:17 | Crear | Villager (Male) |
| 17:26 | Construir | Farm |
| 17:29 | Construir | Farm |
| 17:33 | Construir | Farm |
| 17:37 | Construir | Farm |
| 18:14 | Construir | Monastery |
| 18:18 | Investigar | Loom |
| 18:20 | Crear | Villager (Male) |
| 18:20 | Crear | Villager (Male) |
| 18:40 | Construir | Gate |
| 18:45 | Construir | House |
| 18:48 | Construir | Farm |
| 18:55 | Construir | Farm |
| 19:00 | Crear | Villager (Male) |
| 19:02 | Crear | Villager (Male) |
| 19:03 | Crear | Villager (Male) |
| 19:13 | Crear | Monk |
| 19:21 | Crear | Monk |
| 19:33 | Construir | Siege Workshop |
| 19:41 | Construir | Farm |
| 19:42 | Crear | Villager (Male) |
| 19:45 | Crear | Villager (Male) |
| 19:51 | Construir | Farm |
| 19:53 | Construir | Farm |
| 20:00 | Construir | House |
| 20:01 | Construir | House |
| 20:05 | Construir | House |
| 20:07 | Construir | House |
| 20:33 | Construir | Farm |
| 20:37 | Construir | Farm |
| 20:43 | Crear | Villager (Male) |
| 20:47 | Crear | Villager (Male) |
| 20:49 | Crear | Villager (Male) |
| 20:52 | Crear | Villager (Male) |
| 21:43 | Construir | House |
| 21:44 | Construir | House |
| 21:45 | Construir | House |
| 21:48 | Construir | Stone Wall |
| 21:59 | Construir | Farm |
| 22:09 | Construir | Farm |
| 22:10 | Construir | Farm |
| 22:12 | Crear | Villager (Male) |
| 22:12 | Crear | Villager (Male) |
| 22:15 | Crear | Villager (Male) |
| 22:15 | Crear | Villager (Male) |
| 22:21 | Construir | Farm |
| 22:22 | Construir | Farm |
| 22:24 | Construir | Farm |
| 22:27 | Construir | Farm |
| 22:32 | Construir | Farm |
| 22:44 | Construir | Farm |
| 23:35 | Construir | Farm |
| 23:39 | Construir | Farm |
| 23:42 | Construir | Farm |
| 23:45 | Investigar | Imperial Age |
| 23:56 | Crear | Villager (Male) |
| 23:57 | Crear | Villager (Male) |
| 24:22 | Construir | University |
| 24:38 | Crear | Villager (Male) |
| 24:38 | Crear | Villager (Male) |
| 25:29 | Investigar | Masonry |
| 25:58 | Crear | Villager (Male) |
| 25:58 | Crear | Villager (Male) |
| 25:58 | Crear | Villager (Male) |
| 26:03 | Investigar | Wheelbarrow |
| 26:06 | Investigar | Bow Saw |
| 26:08 | Investigar | Heavy Plow |
| 26:16 | Investigar | Scale Mail Armor |
| 26:18 | Investigar | Forging |
| 26:39 | Crear | Villager (Male) |
| 26:39 | Crear | Villager (Male) |
| 26:45 | Crear | Villager (Male) |
| 26:55 | Edad | Edad Imperial |
| 27:01 | Investigar | Chemistry |
| 27:18 | Construir | Barracks |
| 27:26 | Crear | Villager (Male) |
| 27:27 | Crear | Villager (Male) |
| 27:27 | Crear | Villager (Male) |
| 27:27 | Crear | Villager (Male) |
| 27:28 | Crear | Villager (Male) |
| 27:35 | Investigar | Chain Mail Armor |
| 27:36 | Investigar | Padded Archer Armor |
Build order — Scotticus6181
Primeras 150 de 370 acciones detectadas
| 0:03 | Crear | Villager (Male) ×4 |
| 0:07 | Construir | House |
| 0:11 | Construir | House |
| 1:36 | Crear | Villager (Male) |
| 1:54 | Crear | Villager (Male) |
| 2:33 | Crear | Villager (Male) |
| 2:34 | Crear | Villager (Male) |
| 2:40 | Construir | House |
| 3:15 | Construir | House |
| 3:26 | Crear | Villager (Male) |
| 3:47 | Construir | Lumber Camp |
| 4:04 | Crear | Villager (Male) |
| 4:04 | Crear | Villager (Male) |
| 4:05 | Crear | Villager (Male) |
| 4:39 | Crear | Villager (Male) |
| 5:19 | Crear | Villager (Male) |
| 5:49 | Crear | Villager (Male) |
| 6:11 | Crear | Villager (Male) |
| 6:39 | Construir | Mill |
| 6:57 | Crear | Villager (Male) |
| 7:14 | Crear | Villager (Male) |
| 7:32 | Crear | Villager (Male) |
| 8:28 | Investigar | Feudal Age |
| 8:49 | Construir | House |
| 8:51 | Construir | House |
| 9:58 | Construir | Barracks |
| 10:29 | Crear | Villager (Male) |
| 10:29 | Crear | Villager (Male) |
| 11:05 | Crear | Villager (Male) |
| 11:15 | Construir | Stable |
| 11:20 | Construir | Mining Camp |
| 11:28 | Crear | Spearman |
| 11:28 | Crear | Spearman |
| 11:53 | Crear | Villager (Male) |
| 11:53 | Crear | Villager (Male) |
| 12:19 | Construir | Farm |
| 12:21 | Crear | Villager (Male) |
| 12:31 | Construir | Market |
| 12:52 | Construir | House |
| 12:55 | Crear | Villager (Male) |
| 13:08 | Construir | Lumber Camp |
| 13:18 | Construir | Farm |
| 13:40 | Construir | Farm |
| 13:46 | Construir | Farm |
| 13:55 | Crear | Villager (Male) |
| 14:25 | Construir | Farm |
| 14:55 | Investigar | Castle Age |
| 15:29 | Crear | Spearman |
| 16:17 | Crear | Scout Cavalry |
| 16:56 | Construir | Stable |
| 17:15 | Construir | Blacksmith |
| 17:28 | Construir | House |
| 17:53 | Crear | Knight |
| 17:57 | Crear | Knight |
| 18:02 | Construir | House |
| 18:03 | Construir | House |
| 18:08 | Crear | Villager (Male) |
| 18:08 | Crear | Villager (Male) |
| 18:22 | Construir | Mining Camp |
| 18:25 | Investigar | Forging |
| 18:44 | Crear | Knight |
| 19:18 | Crear | Villager (Male) |
| 19:19 | Crear | Villager (Male) |
| 19:25 | Construir | Farm |
| 19:26 | Construir | Farm |
| 19:50 | Construir | Town Center |
| 19:58 | Crear | Knight |
| 20:01 | Crear | Knight |
| 20:15 | Crear | Knight |
| 20:17 | Crear | Knight |
| 20:19 | Crear | Spearman |
| 20:36 | Crear | Scout Cavalry |
| 20:38 | Crear | Spearman |
| 21:07 | Crear | Spearman |
| 21:07 | Crear | Spearman |
| 21:11 | Crear | Knight |
| 21:29 | Construir | Farm |
| 21:30 | Construir | Farm |
| 21:34 | Crear | Villager (Male) |
| 21:34 | Crear | Villager (Male) |
| 22:34 | Construir | Siege Workshop |
| 23:20 | Crear | Villager (Male) |
| 23:20 | Crear | Villager (Male) |
| 23:26 | Crear | Villager (Male) |
| 23:26 | Crear | Villager (Male) |
| 23:36 | Construir | Farm |
| 23:37 | Construir | Farm |
| 23:41 | Construir | Farm |
| 23:47 | Construir | Farm |
| 23:47 | Construir | Farm |
| 24:25 | Crear | Mangonel |
| 24:25 | Crear | Mangonel |
| 24:29 | Investigar | Man-at-Arms (upgrade) |
| 24:37 | Construir | Farm |
| 24:38 | Construir | Farm |
| 24:42 | Investigar | Wheelbarrow |
| 24:46 | Crear | Villager (Male) |
| 24:46 | Crear | Villager (Male) |
| 25:27 | Crear | Knight |
| 25:30 | Crear | Militia |
| 26:02 | Construir | Castle |
| 26:22 | Crear | Knight |
| 26:25 | Crear | Villager (Male) |
| 26:25 | Crear | Villager (Male) |
| 26:31 | Crear | Villager (Male) |
| 27:07 | Construir | House |
| 27:08 | Construir | House |
| 27:12 | Crear | Villager (Male) |
| 27:13 | Crear | Villager (Male) |
| 27:15 | Investigar | Hand Cart |
| 27:32 | Investigar | Scale Barding Armor |
| 27:48 | Crear | Villager (Male) |
| 27:48 | Crear | Villager (Male) |
| 27:54 | Construir | Farm |
| 27:56 | Construir | Farm |
| 28:02 | Crear | Villager (Male) |
| 28:09 | Construir | House |
| 28:10 | Construir | House |
| 28:11 | Construir | House |
| 28:27 | Construir | Farm |
| 28:38 | Construir | Farm |
| 28:55 | Construir | Stone Wall |
| 29:09 | Construir | Farm |
| 29:13 | Crear | Villager (Male) |
| 29:13 | Crear | Villager (Male) |
| 29:16 | Crear | Villager (Male) |
| 29:17 | Crear | Villager (Male) |
| 29:33 | Crear | Mangonel |
| 29:43 | Investigar | Gold Mining |
| 29:46 | Crear | Villager (Male) |
| 29:54 | Construir | Town Center |
| 29:58 | Investigar | Town Watch |
| 29:59 | Crear | Villager (Male) |
| 29:59 | Crear | Villager (Male) |
| 30:08 | Crear | Villager (Male) |
| 30:08 | Crear | Villager (Male) |
| 30:11 | Investigar | Double-Bit Axe |
| 30:25 | Construir | House |
| 30:39 | Investigar | Husbandry |
| 30:46 | Construir | Farm |
| 30:53 | Investigar | Bow Saw |
| 30:57 | Crear | Villager (Male) |
| 30:58 | Crear | Villager (Male) |
| 30:58 | Crear | Villager (Male) |
| 31:07 | Construir | House |
| 31:08 | Construir | House |
| 31:26 | Construir | Stable |
| 31:41 | Crear | Villager (Male) |
| 31:42 | Crear | Villager (Male) |
| 32:05 | Crear | Mangonel |
Build order — Kronos
Primeras 150 de 406 acciones detectadas
| 0:03 | Crear | Villager (Male) |
| 0:03 | Crear | Villager (Male) |
| 0:03 | Crear | Villager (Male) |
| 0:03 | Crear | Villager (Male) |
| 0:06 | Construir | House |
| 0:08 | Construir | House |
| 1:50 | Crear | Villager (Male) |
| 1:50 | Crear | Villager (Male) |
| 2:16 | Crear | Villager (Male) |
| 2:23 | Construir | Lumber Camp |
| 2:48 | Crear | Villager (Male) |
| 2:49 | Crear | Villager (Male) |
| 2:57 | Crear | Villager (Male) |
| 3:21 | Construir | House |
| 3:27 | Crear | Villager (Male) |
| 3:56 | Crear | Villager (Male) |
| 4:37 | Crear | Villager (Male) |
| 4:40 | Crear | Villager (Male) |
| 5:06 | Construir | Mill |
| 5:08 | Crear | Villager (Male) |
| 5:09 | Crear | Villager (Male) |
| 5:30 | Crear | Villager (Male) |
| 5:57 | Crear | Villager (Male) |
| 6:08 | Construir | Mill |
| 6:12 | Crear | Villager (Male) |
| 6:43 | Crear | Villager (Male) |
| 6:46 | Crear | Villager (Male) |
| 7:10 | Construir | House |
| 7:38 | Crear | Villager (Male) |
| 8:47 | Investigar | Feudal Age |
| 9:33 | Crear | Villager (Male) |
| 10:18 | Investigar | Loom |
| 10:21 | Crear | Villager (Male) |
| 10:24 | Crear | Villager (Male) |
| 10:54 | Construir | Barracks |
| 10:58 | Crear | Villager (Male) |
| 11:03 | Edad | Edad Feudal |
| 11:07 | Crear | Villager (Male) |
| 12:03 | Construir | Watch Tower |
| 12:08 | Crear | Militia |
| 12:08 | Crear | Militia |
| 12:13 | Crear | Spearman |
| 12:13 | Crear | Spearman |
| 12:21 | Construir | House |
| 12:29 | Investigar | Double-Bit Axe |
| 12:37 | Construir | Mill |
| 13:18 | Crear | Villager (Male) |
| 13:28 | Construir | Farm |
| 13:31 | Crear | Villager (Male) |
| 13:33 | Construir | Farm |
| 14:06 | Construir | House |
| 14:14 | Construir | Mining Camp |
| 14:19 | Crear | Villager (Male) |
| 14:34 | Crear | Spearman |
| 14:35 | Crear | Spearman |
| 15:36 | Crear | Villager (Male) |
| 15:41 | Construir | Farm |
| 15:44 | Construir | Farm |
| 15:45 | Crear | Villager (Male) |
| 15:46 | Crear | Villager (Male) |
| 16:42 | Construir | Watch Tower |
| 17:31 | Construir | Watch Tower |
| 17:58 | Construir | House |
| 18:04 | Construir | Farm |
| 18:09 | Construir | Market |
| 18:15 | Construir | Blacksmith |
| 18:49 | Crear | Spearman |
| 18:49 | Crear | Spearman |
| 19:12 | Crear | Villager (Male) |
| 19:15 | Construir | Farm |
| 19:17 | Crear | Villager (Male) |
| 19:21 | Construir | Farm |
| 19:24 | Construir | Farm |
| 19:26 | Construir | Farm |
| 20:50 | Crear | Spearman |
| 20:51 | Crear | Spearman |
| 21:07 | Crear | Spearman |
| 21:27 | Crear | Spearman |
| 22:05 | Construir | Farm |
| 22:08 | Construir | Farm |
| 22:11 | Construir | Farm |
| 22:19 | Construir | Mining Camp |
| 22:28 | Investigar | Castle Age |
| 22:35 | Crear | Spearman |
| 22:35 | Crear | Spearman |
| 22:42 | Construir | House |
| 22:43 | Construir | House |
| 24:48 | Crear | Spearman |
| 24:48 | Crear | Spearman |
| 25:05 | Investigar | Fletching |
| 25:08 | Edad | Edad de los Castillos |
| 25:10 | Crear | Villager (Male) |
| 25:10 | Crear | Villager (Male) |
| 25:10 | Crear | Villager (Male) |
| 25:11 | Crear | Villager (Male) |
| 25:11 | Crear | Villager (Male) |
| 25:11 | Crear | Villager (Male) |
| 25:20 | Crear | Villager (Male) |
| 25:21 | Crear | Villager (Male) |
| 25:21 | Crear | Villager (Male) |
| 25:27 | Investigar | Pikeman (upgrade) |
| 26:08 | Construir | Castle |
| 26:13 | Construir | House |
| 26:46 | Construir | House |
| 27:03 | Crear | Spearman |
| 27:03 | Crear | Spearman |
| 27:04 | Crear | Spearman |
| 27:19 | Crear | Villager (Male) |
| 27:19 | Crear | Villager (Male) |
| 27:19 | Crear | Villager (Male) |
| 27:34 | Construir | Town Center |
| 27:43 | Crear | Spearman |
| 27:43 | Crear | Spearman |
| 27:47 | Crear | Spearman |
| 27:47 | Crear | Spearman |
| 28:21 | Crear | Villager (Male) |
| 28:30 | Crear | Villager (Male) |
| 28:31 | Crear | Villager (Male) |
| 28:41 | Construir | Farm |
| 29:05 | Crear | Villager (Male) |
| 29:13 | Construir | Farm |
| 29:16 | Construir | Farm |
| 29:24 | Construir | Farm |
| 30:22 | Crear | Spearman |
| 30:22 | Crear | Spearman |
| 30:22 | Crear | Spearman |
| 30:22 | Crear | Spearman |
| 30:25 | Crear | Spearman |
| 30:25 | Crear | Spearman |
| 30:33 | Construir | Farm |
| 30:48 | Crear | Spearman |
| 30:48 | Crear | Spearman |
| 30:49 | Crear | Spearman |
| 30:49 | Crear | Spearman |
| 31:14 | Crear | War Wagon |
| 31:14 | Crear | War Wagon |
| 31:15 | Crear | War Wagon |
| 31:58 | Construir | Farm |
| 32:01 | Construir | Farm |
| 32:21 | Crear | War Wagon |
| 32:21 | Crear | War Wagon |
| 33:25 | Crear | War Wagon |
| 33:32 | Crear | Spearman |
| 33:32 | Crear | Spearman |
| 33:44 | Investigar | Imperial Age |
| 33:49 | Crear | Villager (Male) |
| 33:50 | Crear | Villager (Male) |
| 33:54 | Construir | Farm |
| 33:56 | Construir | Farm |
| 33:59 | Construir | Farm |
Build order — StallionMilk
Primeras 150 de 178 acciones detectadas
| 0:06 | Construir | House |
| 0:10 | Construir | House |
| 0:11 | Crear | Villager (Male) ×4 |
| 1:44 | Crear | Villager (Male) |
| 2:20 | Crear | Villager (Male) |
| 2:44 | Crear | Villager (Male) ×2 |
| 3:29 | Crear | Villager (Male) |
| 3:30 | Crear | Villager (Male) |
| 4:28 | Crear | Villager (Male) |
| 4:39 | Construir | House |
| 4:44 | Construir | Lumber Camp |
| 4:48 | Crear | Villager (Male) |
| 4:54 | Investigar | Loom |
| 4:58 | Crear | Villager (Male) |
| 5:01 | Crear | Villager (Male) |
| 5:02 | Crear | Villager (Male) |
| 5:02 | Crear | Villager (Male) |
| 5:03 | Crear | Villager (Male) |
| 6:27 | Construir | House |
| 6:50 | Crear | Villager (Male) |
| 6:51 | Crear | Villager (Male) |
| 7:16 | Construir | Mill |
| 7:43 | Investigar | Feudal Age |
| 10:01 | Edad | Edad Feudal |
| 10:03 | Construir | Mining Camp |
| 10:09 | Investigar | Double-Bit Axe |
| 10:34 | Crear | Villager (Male) ×5 |
| 11:12 | Investigar | Wheelbarrow |
| 12:06 | Construir | Barracks |
| 12:20 | Construir | Blacksmith |
| 12:41 | Construir | Farm |
| 12:43 | Construir | Farm |
| 13:00 | Construir | Farm |
| 13:08 | Construir | Farm |
| 13:12 | Construir | Farm |
| 13:39 | Crear | Villager (Male) |
| 13:44 | Construir | House |
| 13:46 | Construir | House |
| 13:47 | Construir | House |
| 13:48 | Construir | House |
| 14:17 | Construir | Stable |
| 14:38 | Investigar | Forging |
| 14:39 | Investigar | Scale Barding Armor |
| 14:48 | Crear | Villager (Male) ×5 |
| 14:56 | Construir | Farm |
| 15:01 | Construir | Farm |
| 15:08 | Construir | Farm |
| 15:31 | Crear | Scout Cavalry |
| 16:23 | Construir | Farm |
| 16:29 | Construir | Farm |
| 16:31 | Crear | Villager (Male) |
| 16:32 | Crear | Villager (Male) |
| 16:36 | Construir | Farm |
| 18:06 | Construir | Market |
| 18:13 | Crear | Villager (Male) |
| 18:14 | Crear | Villager (Male) |
| 18:23 | Construir | Farm |
| 18:26 | Construir | Farm |
| 18:29 | Construir | Farm |
| 18:35 | Crear | Scout Cavalry |
| 18:36 | Crear | Scout Cavalry |
| 18:37 | Crear | Scout Cavalry |
| 19:33 | Investigar | Castle Age |
| 20:13 | Investigar | Gold Mining |
| 20:18 | Investigar | Stone Mining |
| 20:45 | Crear | Scout Cavalry |
| 20:46 | Crear | Scout Cavalry |
| 20:48 | Crear | Scout Cavalry |
| 22:00 | Construir | House |
| 22:01 | Construir | House |
| 22:02 | Construir | House |
| 22:13 | Edad | Edad de los Castillos |
| 22:27 | Construir | Town Center |
| 23:30 | Investigar | Husbandry |
| 23:33 | Investigar | Chain Barding Armor |
| 23:35 | Investigar | Iron Casting |
| 23:44 | Construir | Stable |
| 23:47 | Construir | Stable |
| 23:48 | Construir | Stable |
| 23:56 | Crear | Villager (Male) ×5 |
| 24:00 | Crear | Villager (Male) ×4 |
| 24:52 | Crear | Knight |
| 24:53 | Crear | Knight |
| 25:13 | Construir | Farm |
| 25:16 | Construir | Farm |
| 25:19 | Construir | Farm |
| 25:22 | Construir | Farm |
| 25:29 | Investigar | Gold Shaft Mining |
| 25:36 | Investigar | Bow Saw |
| 25:42 | Crear | Villager (Male) |
| 25:43 | Crear | Villager (Male) |
| 26:18 | Investigar | Hand Cart |
| 26:35 | Construir | Lumber Camp |
| 26:51 | Construir | Farm |
| 26:55 | Construir | Farm |
| 27:02 | Crear | Villager (Male) |
| 27:02 | Crear | Villager (Male) |
| 27:04 | Crear | Villager (Male) |
| 27:05 | Crear | Villager (Male) |
| 27:16 | Crear | Knight |
| 27:17 | Crear | Knight |
| 27:47 | Construir | Farm |
| 28:16 | Crear | Villager (Male) |
| 28:17 | Crear | Villager (Male) |
| 28:17 | Crear | Villager (Male) |
| 28:24 | Construir | Farm |
| 28:27 | Construir | Farm |
| 28:32 | Crear | Knight |
| 28:33 | Crear | Knight |
| 28:34 | Crear | Knight |
| 28:34 | Crear | Knight |
| 28:35 | Crear | Knight |
| 29:48 | Construir | Castle |
| 29:55 | Crear | Villager (Male) ×5 |
| 29:58 | Crear | Villager (Male) ×5 |
| 30:47 | Construir | House |
| 30:48 | Construir | House |
| 30:49 | Construir | House |
| 30:50 | Construir | House |
| 31:59 | Investigar | Imperial Age |
| 32:03 | Crear | Villager (Male) ×5 |
| 32:10 | Crear | Knight ×3 |
| 32:31 | Construir | Mining Camp |
| 33:09 | Crear | Knight ×4 |
| 35:18 | Edad | Edad Imperial |
| 35:47 | Investigar | Cavalier (upgrade) |
| 35:50 | Investigar | Plate Barding Armor |
| 35:51 | Investigar | Blast Furnace |
| 35:58 | Crear | Villager (Male) ×5 |
| 36:07 | Construir | Farm |
| 36:07 | Construir | Farm |
| 36:08 | Construir | Farm |
| 36:08 | Construir | Farm |
| 36:09 | Construir | Farm |
| 36:09 | Construir | Farm |
| 36:13 | Investigar | Conscription |
| 36:16 | Investigar | Chivalry |
| 37:42 | Investigar | Paladin (upgrade) |
| 38:34 | Construir | Stable |
| 38:37 | Construir | Stable |
| 38:38 | Construir | Stable |
| 38:50 | Investigar | Fletching |
| 39:01 | Construir | Stable |
| 39:04 | Construir | Stable |
| 39:05 | Construir | Stable |
| 39:06 | Construir | Stable |
| 39:07 | Construir | Stable |
| 39:41 | Crear | Knight ×5 |
| 39:41 | Crear | Knight ×5 |
| 39:42 | Crear | Knight ×5 |
Build order — SCAM-U-LONGTIME
Primeras 150 de 454 acciones detectadas
| 0:01 | Investigar | Loom |
| 0:01 | Crear | Villager (Male) |
| 0:02 | Crear | Villager (Male) |
| 0:02 | Crear | Villager (Male) |
| 0:02 | Crear | Villager (Male) |
| 0:05 | Construir | House |
| 0:09 | Construir | House |
| 0:10 | Construir | House |
| 0:40 | Construir | House |
| 2:05 | Crear | Villager (Male) |
| 2:36 | Crear | Villager (Male) |
| 3:05 | Crear | Villager (Male) |
| 3:05 | Crear | Villager (Male) |
| 3:41 | Crear | Villager (Male) |
| 4:03 | Crear | Villager (Male) |
| 4:06 | Construir | Mill |
| 4:16 | Crear | Villager (Male) |
| 4:48 | Crear | Villager (Male) |
| 5:13 | Crear | Villager (Male) |
| 5:43 | Crear | Villager (Male) |
| 6:08 | Construir | House |
| 6:09 | Construir | House |
| 6:10 | Construir | House |
| 6:11 | Construir | House |
| 6:14 | Crear | Villager (Male) |
| 6:43 | Crear | Villager (Male) |
| 7:29 | Crear | Villager (Male) |
| 7:30 | Crear | Villager (Male) |
| 7:41 | Construir | Lumber Camp |
| 7:57 | Crear | Villager (Male) |
| 8:25 | Crear | Villager (Male) |
| 9:12 | Investigar | Feudal Age |
| 9:17 | Construir | Mining Camp |
| 9:43 | Crear | Villager (Male) |
| 9:43 | Crear | Villager (Male) |
| 9:44 | Crear | Villager (Male) |
| 10:24 | Construir | Farm |
| 10:25 | Construir | Farm |
| 10:30 | Construir | Farm |
| 10:31 | Construir | Farm |
| 10:37 | Construir | Farm |
| 11:22 | Edad | Edad Feudal |
| 11:25 | Crear | Villager (Male) |
| 11:43 | Construir | Blacksmith |
| 12:04 | Construir | Mining Camp |
| 12:09 | Crear | Villager (Male) |
| 12:35 | Construir | Farm |
| 12:56 | Investigar | Double-Bit Axe |
| 13:15 | Crear | Villager (Male) |
| 13:25 | Investigar | Horse Collar |
| 13:29 | Crear | Villager (Male) |
| 13:54 | Crear | Villager (Male) |
| 14:09 | Construir | Market |
| 14:24 | Construir | Farm |
| 14:38 | Construir | Farm |
| 14:41 | Crear | Villager (Male) |
| 14:46 | Crear | Villager (Male) |
| 14:57 | Construir | Farm |
| 15:08 | Crear | Villager (Male) |
| 15:13 | Construir | Farm |
| 15:20 | Construir | House |
| 15:33 | Investigar | Castle Age |
| 16:01 | Construir | House |
| 16:05 | Crear | Villager (Male) |
| 16:54 | Construir | House |
| 17:22 | Construir | House |
| 17:47 | Construir | Barracks |
| 18:37 | Edad | Edad de los Castillos |
| 19:00 | Crear | Villager (Male) |
| 19:00 | Crear | Villager (Male) |
| 19:16 | Investigar | Man-at-Arms (upgrade) |
| 19:16 | Crear | Militia |
| 19:17 | Crear | Militia |
| 19:44 | Construir | Castle |
| 20:04 | Crear | Militia |
| 20:13 | Crear | Villager (Male) |
| 20:14 | Crear | Villager (Male) |
| 20:39 | Crear | Spearman |
| 20:39 | Crear | Spearman |
| 20:39 | Crear | Spearman |
| 20:40 | Crear | Spearman |
| 20:40 | Crear | Spearman |
| 20:45 | Construir | House |
| 20:57 | Crear | Spearman |
| 20:58 | Crear | Spearman |
| 20:58 | Crear | Spearman |
| 21:27 | Construir | House |
| 21:28 | Construir | House |
| 21:57 | Crear | Spearman |
| 21:57 | Crear | Spearman |
| 22:23 | Crear | Spearman |
| 22:24 | Crear | Spearman |
| 22:24 | Crear | Spearman |
| 22:47 | Crear | Spearman |
| 22:47 | Crear | Spearman |
| 22:47 | Crear | Spearman |
| 23:29 | Construir | Town Center |
| 23:31 | Crear | Villager (Male) |
| 23:32 | Crear | Villager (Male) |
| 23:57 | Crear | Villager (Male) |
| 23:57 | Crear | Villager (Male) |
| 24:12 | Construir | Lumber Camp |
| 24:13 | Investigar | Bow Saw |
| 24:14 | Investigar | Scale Mail Armor |
| 24:15 | Investigar | Forging |
| 24:16 | Investigar | Scale Barding Armor |
| 24:23 | Construir | House |
| 24:43 | Crear | Villager (Male) |
| 24:52 | Construir | Farm |
| 25:04 | Construir | Farm |
| 25:09 | Construir | Farm |
| 25:11 | Crear | Villager (Male) |
| 25:11 | Crear | Villager (Male) |
| 25:17 | Construir | Farm |
| 25:18 | Crear | Villager (Male) |
| 25:34 | Investigar | Long Swordsman (upgrade) |
| 26:00 | Construir | Stone Wall |
| 26:28 | Construir | Stone Wall |
| 27:28 | Construir | Farm |
| 27:32 | Construir | Farm |
| 27:33 | Crear | Villager (Male) |
| 27:33 | Crear | Villager (Male) |
| 27:39 | Construir | Farm |
| 27:40 | Construir | Farm |
| 27:41 | Crear | Villager (Male) |
| 27:41 | Crear | Villager (Male) |
| 27:56 | Construir | Stone Wall |
| 28:20 | Investigar | Pikeman (upgrade) |
| 28:58 | Construir | Farm |
| 28:59 | Construir | Farm |
| 29:04 | Crear | Villager (Male) |
| 29:04 | Crear | Villager (Male) |
| 29:08 | Construir | Farm |
| 29:09 | Construir | Farm |
| 29:10 | Crear | Villager (Male) |
| 29:10 | Crear | Villager (Male) |
| 29:23 | Construir | Lumber Camp |
| 29:42 | Construir | Mining Camp |
| 29:51 | Crear | Conquistador |
| 29:51 | Crear | Conquistador |
| 29:51 | Crear | Conquistador |
| 29:52 | Crear | Conquistador |
| 29:59 | Construir | Farm |
| 30:00 | Construir | Farm |
| 30:01 | Crear | Villager (Male) |
| 30:02 | Crear | Villager (Male) |
| 30:06 | Construir | Farm |
| 30:07 | Construir | Farm |
| 30:09 | Crear | Villager (Male) |
| 30:09 | Crear | Villager (Male) |
Build order — Jabrawlter
Primeras 150 de 245 acciones detectadas
| 0:03 | Crear | Villager (Male) ×4 |
| 0:03 | Investigar | Loom |
| 0:09 | Construir | House |
| 0:45 | Construir | House |
| 1:32 | Crear | Villager (Male) |
| 2:28 | Construir | Mill |
| 2:40 | Crear | Villager (Male) |
| 2:41 | Crear | Villager (Male) |
| 3:50 | Crear | Villager (Male) |
| 4:28 | Crear | Villager (Male) |
| 4:28 | Crear | Villager (Male) |
| 4:29 | Crear | Villager (Male) |
| 4:29 | Crear | Villager (Male) |
| 4:29 | Crear | Villager (Male) |
| 4:56 | Crear | Villager (Male) |
| 5:08 | Construir | House |
| 5:24 | Crear | Villager (Male) |
| 5:25 | Crear | Villager (Male) |
| 6:09 | Crear | Villager (Male) |
| 6:09 | Crear | Villager (Male) |
| 6:34 | Construir | Lumber Camp |
| 7:04 | Crear | Villager (Male) |
| 7:26 | Construir | House |
| 7:41 | Crear | Villager (Male) |
| 8:39 | Investigar | Feudal Age |
| 10:13 | Crear | Villager (Male) |
| 10:13 | Crear | Villager (Male) |
| 10:14 | Crear | Villager (Male) |
| 10:23 | Construir | House |
| 10:24 | Construir | House |
| 10:29 | Construir | House |
| 11:21 | Edad | Edad Feudal |
| 11:49 | Investigar | Horse Collar |
| 11:52 | Investigar | Double-Bit Axe |
| 11:59 | Construir | Mining Camp |
| 12:08 | Construir | Mining Camp |
| 12:23 | Construir | Market |
| 12:40 | Construir | Farm |
| 12:42 | Construir | Farm |
| 12:45 | Construir | Farm |
| 13:32 | Construir | Barracks |
| 13:43 | Construir | Watch Tower |
| 14:51 | Construir | Stone Wall |
| 15:05 | Construir | Stone Wall |
| 15:22 | Construir | Farm |
| 15:22 | Construir | Farm |
| 15:23 | Construir | Farm |
| 15:23 | Construir | Farm |
| 15:23 | Construir | Farm |
| 15:23 | Construir | Farm |
| 15:24 | Construir | Farm |
| 15:24 | Construir | Farm |
| 15:24 | Construir | Farm |
| 15:26 | Crear | Villager (Male) ×5 |
| 15:27 | Crear | Villager (Male) |
| 15:27 | Crear | Villager (Male) |
| 15:27 | Crear | Villager (Male) |
| 15:53 | Construir | Stone Wall |
| 15:59 | Construir | Stone Wall |
| 16:24 | Crear | Spearman |
| 16:25 | Crear | Spearman |
| 16:25 | Crear | Spearman |
| 16:25 | Crear | Spearman |
| 16:25 | Crear | Spearman |
| 16:26 | Crear | Spearman |
| 16:35 | Crear | Villager (Male) |
| 17:51 | Crear | Villager (Male) |
| 18:54 | Construir | Stone Wall |
| 19:17 | Construir | Watch Tower |
| 19:34 | Crear | Villager (Male) ×5 |
| 19:44 | Construir | Farm |
| 19:44 | Construir | Farm |
| 19:45 | Construir | Farm |
| 19:45 | Construir | Farm |
| 19:45 | Construir | Farm |
| 19:45 | Construir | Farm |
| 19:46 | Construir | Farm |
| 19:46 | Construir | Farm |
| 19:46 | Construir | Farm |
| 19:46 | Construir | Farm |
| 19:56 | Construir | Blacksmith |
| 20:49 | Crear | Spearman |
| 20:50 | Crear | Spearman |
| 22:22 | Construir | Stone Wall |
| 22:34 | Investigar | Castle Age |
| 23:07 | Crear | Spearman |
| 23:07 | Crear | Spearman |
| 23:07 | Crear | Spearman |
| 23:08 | Crear | Spearman |
| 24:23 | Crear | Villager (Male) |
| 24:27 | Investigar | Wheelbarrow |
| 24:55 | Construir | Barracks |
| 25:14 | Edad | Edad de los Castillos |
| 25:33 | Construir | Town Center |
| 25:50 | Construir | Town Center |
| 25:55 | Crear | Villager (Male) ×5 |
| 25:58 | Crear | Villager (Male) |
| 25:58 | Crear | Villager (Male) |
| 25:59 | Crear | Villager (Male) |
| 27:41 | Crear | Villager (Male) |
| 27:41 | Crear | Villager (Male) |
| 27:41 | Crear | Villager (Male) |
| 27:41 | Crear | Villager (Male) |
| 27:58 | Crear | Villager (Male) ×5 |
| 27:59 | Crear | Villager (Male) |
| 28:00 | Crear | Villager (Male) |
| 28:00 | Crear | Villager (Male) |
| 28:00 | Crear | Villager (Male) |
| 28:00 | Crear | Villager (Male) |
| 28:01 | Crear | Villager (Male) |
| 28:14 | Crear | Villager (Male) ×3 |
| 28:22 | Construir | Siege Workshop |
| 28:58 | Investigar | Pikeman (upgrade) |
| 28:59 | Investigar | Squires |
| 29:52 | Crear | Battering Ram |
| 30:27 | Construir | House |
| 30:27 | Construir | House |
| 30:28 | Construir | House |
| 30:28 | Construir | House |
| 30:28 | Construir | House |
| 30:28 | Construir | House |
| 30:29 | Construir | House |
| 30:40 | Crear | Villager (Male) |
| 30:40 | Crear | Villager (Male) |
| 31:02 | Construir | Castle |
| 31:28 | Crear | Spearman ×5 |
| 31:28 | Crear | Spearman ×5 |
| 33:16 | Crear | Hussite Wagon |
| 33:17 | Crear | Hussite Wagon |
| 33:17 | Crear | Hussite Wagon |
| 33:17 | Crear | Hussite Wagon |
| 34:32 | Construir | Town Center |
| 35:45 | Construir | Mining Camp |
| 36:18 | Construir | Farm |
| 36:18 | Construir | Farm |
| 36:19 | Construir | Farm |
| 36:19 | Construir | Farm |
| 36:19 | Construir | Farm |
| 36:19 | Construir | Farm |
| 36:19 | Construir | Farm |
| 36:20 | Construir | Farm |
| 36:20 | Construir | Farm |
| 36:20 | Construir | Farm |
| 36:21 | Construir | Farm |
| 36:21 | Construir | Farm |
| 36:21 | Construir | Farm |
| 36:22 | Construir | Farm |
| 36:22 | Construir | Farm |
| 36:43 | Construir | Lumber Camp |
| 37:52 | Crear | Villager (Male) ×5 |
Cronología de la partida
| 9:42 | I_am_Biceps · age_up feudal |
| 9:58 | Scotticus6181 · first_building Barracks |
| 10:01 | StallionMilk · age_up feudal |
| 10:54 | Kronos · first_building Barracks |
| 11:03 | Kronos · age_up feudal |
| 11:15 | Scotticus6181 · first_building Stable |
| 11:21 | Jabrawlter · age_up feudal |
| 11:22 | SCAM-U-LONGTIME · age_up feudal |
| 11:51 | Tormund · age_up feudal |
| 11:57 | san_siro · age_up feudal |
| 12:06 | StallionMilk · first_building Barracks |
| 12:50 | san_siro · wall_segment Stone Wall x1 |
| 13:32 | Jabrawlter · first_building Barracks |
| 14:07 | I_am_Biceps · first_building Barracks |
| 14:17 | StallionMilk · first_building Stable |
| 14:20 | san_siro · wall_segment Stone Wall x1 |
| 14:31 | san_siro · wall_segment Stone Wall x1 |
| 14:32 | Scotticus6181 · first_market_buy 100 food |
| 14:36 | Scotticus6181 · first_market_sell 100 stone |
| 14:51 | Jabrawlter · wall_segment Stone Wall x1 |
| 15:05 | Jabrawlter · wall_segment Stone Wall x1 |
| 15:32 | I_am_Biceps · first_building Stable |
| 15:53 | Jabrawlter · wall_segment Stone Wall x15 |
| 15:59 | Jabrawlter · wall_segment Stone Wall x9 |
| 16:03 | Tormund · first_building Barracks |
| 16:17 | san_siro · age_up castle |
| 17:01 | Tormund · age_up castle |
| 17:14 | I_am_Biceps · age_up castle |
| 17:47 | SCAM-U-LONGTIME · first_building Barracks |
| 18:14 | san_siro · first_building Monastery |
| 18:37 | SCAM-U-LONGTIME · age_up castle |
| 18:54 | Jabrawlter · wall_segment Stone Wall x1 |
| 19:18 | Tormund · first_building Monastery |
| 19:28 | StallionMilk · first_market_buy 100 food |
| 19:33 | san_siro · first_building Siege Workshop |
| 19:44 | SCAM-U-LONGTIME · first_building Castle |
| 20:26 | Tormund · first_building Stable |
| 21:48 | san_siro · wall_segment Stone Wall x1 |
| 22:13 | StallionMilk · age_up castle |
| 22:22 | Jabrawlter · wall_segment Stone Wall x4 |
| 22:24 | Kronos · first_market_sell 100 food |
| 22:34 | Scotticus6181 · first_building Siege Workshop |
| 24:27 | I_am_Biceps · first_building Monastery |
| 25:08 | Kronos · age_up castle |
| 25:14 | Jabrawlter · age_up castle |
| 25:42 | Jabrawlter · first_market_buy 100 stone |
| 25:56 | Kronos · first_market_buy 100 stone |
| 26:00 | SCAM-U-LONGTIME · wall_segment Stone Wall x2 |
| 26:02 | Scotticus6181 · first_building Castle |
| 26:08 | Kronos · first_building Castle |
| 26:28 | SCAM-U-LONGTIME · wall_segment Stone Wall x7 |
| 26:55 | san_siro · age_up imperial |
| 26:59 | I_am_Biceps · first_building Castle |
| 27:18 | san_siro · first_building Barracks |
| 27:56 | SCAM-U-LONGTIME · wall_segment Stone Wall x9 |
| 28:22 | Jabrawlter · first_building Siege Workshop |
| 28:55 | Scotticus6181 · wall_segment Stone Wall x10 |
| 29:23 | I_am_Biceps · age_up imperial |
| 29:48 | StallionMilk · first_building Castle |
| 30:04 | Tormund · first_building Castle |
| 30:53 | Jabrawlter · first_market_sell 100 food |
| 31:02 | Jabrawlter · first_building Castle |
| 32:31 | san_siro · first_building Archery Range |
| 32:51 | Tormund · age_up imperial |
| 34:20 | I_am_Biceps · first_market_sell 500 stone |
| 35:18 | StallionMilk · age_up imperial |
| 36:54 | Kronos · age_up imperial |
| 37:11 | SCAM-U-LONGTIME · age_up imperial |
| 37:51 | san_siro · first_building Castle |
| 40:36 | Jabrawlter · first_building Archery Range |
| 40:37 | Scotticus6181 · wall_segment Stone Wall x1 |
| 41:05 | StallionMilk · first_building Archery Range |
| 41:51 | SCAM-U-LONGTIME · wall_segment Stone Wall x4 |
| 41:54 | SCAM-U-LONGTIME · wall_segment Stone Wall x1 |
| 42:53 | SCAM-U-LONGTIME · first_building Stable |
| 42:54 | SCAM-U-LONGTIME · first_building Archery Range |
| 49:22 | Scotticus6181 · first_building Monastery |
| 52:44 | StallionMilk · tribute_sent a jugador 1 |
| 52:44 | StallionMilk · tribute_sent a jugador 2 |
| 52:44 | StallionMilk · tribute_sent a jugador 3 |
| 52:44 | StallionMilk · tribute_sent a jugador 4 |
| 52:44 | StallionMilk · tribute_sent a jugador 6 |
| 52:44 | StallionMilk · tribute_sent a jugador 7 |
| 52:44 | StallionMilk · tribute_sent a jugador 8 |
| 54:49 | SCAM-U-LONGTIME · first_market_buy 100 wood |
| 56:30 | SCAM-U-LONGTIME · first_market_sell 100 food |
| 57:31 | I_am_Biceps · tribute_sent a jugador 2 |
| 57:31 | I_am_Biceps · tribute_sent a jugador 3 |
| 57:31 | I_am_Biceps · tribute_sent a jugador 4 |
| 57:31 | I_am_Biceps · tribute_sent a jugador 5 |
| 57:31 | I_am_Biceps · tribute_sent a jugador 6 |
| 57:31 | I_am_Biceps · tribute_sent a jugador 7 |
| 57:31 | I_am_Biceps · tribute_sent a jugador 8 |
| 59:15 | Jabrawlter · resign |
[ ANÁLISIS IA · 1 CRÉDITO ]
¿Qué pasó realmente en esta partida?
Wolo.gg analiza cada decisión: build order, eco, micro, errores típicos por bracket. Análisis personalizado por WhatsApp o Discord en 30 segundos.
Guía civ
Borgoñones
Perfil
Jugador #5962091